 Zot Defence DCSS version 0.14-a0-2810-g474977d (webtiles) character file.

172 Froboctopus the Insei (level 5, -6/42 HPs)
             Began as a Demonspawn Monk on Feb 25, 2014.
             Mangled by Qusoy the ogre
             ... wielding a +0,+0 giant spiked club
              (27 damage)
             ... in the Realm of Zot (Scenario I: Hall of Zot).
             The game lasted 00:05:41 (774 turns).

Froboctopus the Insei (Demonspawn Monk)              Turns: 774, Time: 00:05:41

HP  -6/42        AC  4     Str 12      XL: 5   Next: 27%
MP   5/5         EV 14     Int 12      God:
Gold 0           SH  0     Dex 15      Spells:  0 memorised,  4 levels left

rFire  . . .     SeeInvis .       - Unarmed
rCold  . . .     Clarity  .     a - +0 robe
rNeg   . . .     Conserve .     (no shield)
rPois  .         rCorr    .     (helmet restricted)
rElec  .         rRot     .     (no cloak)
SustAb . .       Spirit   .     (no gloves)
rMut   .         Warding  .     (no boots)
Saprov + . .     Stasis   .     (no amulet)
MR     .....                    (no ring)
                                (no ring)

@: not resistant to hostile enchantments, fairly stealthy
A: antennae 1, slimy green scales 1, saprovore 1
a: Make dart trap, Make oklob sapling, Make arrow trap, Make plant, Remove
Curse, Make burning bush


You were in the Realm of Zot.
You were not hungry.

You visited 1 branch

Inventory:

Armour
 a - a +0 robe (worn)
Comestibles
 c - a bread ration
Scrolls
 h - a scroll of blinking
Potions
 e - a potion of speed
 f - 2 potions of magic
 g - a potion of berserk rage


   Skills:
 + Level 3.7 Fighting
 * Level 4.1 Dodging
 - Level 1.7 Stealth
 * Level 4.6 Unarmed Combat


You had 4 spell levels left.
You didn't know any spells.

Dungeon Overview and Level Annotations

Branches:
    Zot (1/1)

Altars:


Innate Abilities, Weirdness & Mutations

You have a pair of small antennae on your head.
You are partially covered in slimy green scales (AC +2).
You can tolerate rotten meat.


Message History

You hit Qusoy.
Qusoy is lightly wounded.
You hit Qusoy.
Qusoy is moderately wounded.
Qusoy barely misses you.
You hit Qusoy.
Qusoy is moderately wounded.
You barely miss Qusoy.
Qusoy is moderately wounded.
Qusoy hits you with a giant spiked club!
You barely miss Qusoy.
Qusoy is moderately wounded.
Qusoy closely misses you.
You hit Qusoy.
Qusoy is heavily wounded.
You punch Qusoy!
Qusoy is heavily wounded.
Qusoy hits you with a giant spiked club!
Ouch! That really hurt!
You die...

▓▓▓▓▓▓▓▓ ▓▓▓▓▓▓▓▓ ....▓▓▓▓
▓▓▓▓.... .......▓▓▓ ▓▓▓.......
.........▓▓ ▓▓.........
..........▓ ▓▓▓▓▓▓▓▓▓ ▓..........
..........▓▓▓P.....P▓▓▓..........
..........▓▓)PP.P.PP.▓▓..........
..........▓...PPPPP%..▓..........
..........).%.%O@).j.))..........
..........▓...PPPPP...▓).........
..........▓▓.PP.P.PP.▓▓..........
..........▓▓▓.......▓▓▓..........
..........# ▓▓▓▓▓▓▓▓▓ #..........
.........## ##.........
.......### ###....... ....####
####.... ######### #########


You could see an agate snail, Qusoy the ogre and 2 friendly oklob saplings.

Vanquished Creatures
  A gnoll (Zot)
  6 oozes (Zot)
  3 orcs (Zot)
  2 ball pythons (Zot)
  A giant cockroach (Zot)
  8 goblins (Zot)
  A hobgoblin (Zot)
  A jackal (Zot)
  6 kobolds (Zot)
  5 bats (Zot)
  3 giant geckos (Zot)
  4 rats (Zot)
41 creatures vanquished.

Vanquished Creatures (collateral kills)
  An adder (Zot)
  An orc (Zot)
  A goblin (Zot)
  3 hobgoblins (Zot)
  2 jackals (Zot)
  A quokka (Zot)
  6 bats (Zot)
  2 kobolds (Zot)
  3 rats (Zot)
20 creatures vanquished.

Grand Total: 61 creatures vanquished

Notes
Turn   | Place    | Note
--------------------------------------------------------------
     0 | Zot      | Froboctopus, the Demonspawn Monk, began the quest for the Orb.
     0 | Zot      | Reached XP level 1. HP: 18/18 MP: 1/1
   211 | Zot      | Gained mutation: You can tolerate rotten meat. [demonic ancestry]
   211 | Zot      | Reached XP level 2. HP: 16/24 MP: 2/2
   255 | Zot      | Reached skill level 4 in Unarmed Combat
   255 | Zot      | Gained mutation: You are partially covered in slimy green scales (AC +2). [demonic ancestry]
   255 | Zot      | Reached XP level 3. HP: 7/29 MP: 3/3
   349 | Zot      | Reached XP level 4. HP: 7/35 MP: 4/4
   356 | Zot      | HP: 1/35 [ooze (3)]
   543 | Zot      | Gained mutation: You have a pair of small antennae on your head. [demonic ancestry]
   543 | Zot      | Reached XP level 5. HP: 28/41 MP: 5/5
   743 | Zot      | Noticed Qusoy
   774 | Zot      | Mangled by Qusoy the ogre

Action                   |  1- 3 |  4- 6 || total
-------------------------+-------+-------++-------
Melee: Unarmed           |    61 |   109 ||   170
 Abil: Make oklob saplin |     1 |     1 ||     2
       Make plant        |       |    20 ||    20
  Use: Potion            |     2 |     2 ||     4
